Map: Moebius Facility XX-1

Players

Loken - Winner!

  • Race: Protoss Protoss
  • League: Platinum
  • Spawn Location: 6:00

dallaskuken - Winner!

  • Race: Protoss Protoss
  • League: Platinum
  • Spawn Location: 7:00

ḾŕƓŕéêƞ

  • Race: Protoss Protoss
  • Spawn Location: 12:00

DerdinCZ

  • Race: Zerg Zerg
  • League: Diamond
  • Spawn Location: 1:00

VOD

Have the link to the VOD?

Description

Time

  • Played on: April 6, 2017, 6:43 a.m.
  • Length: 6:15
Show
View Real Time Build Order
Export as new Build Order

Loken Protoss - Winner!

Build Orders:  

Get SALT Encoding   

  12  0:02  Probe (Chrono Boost)  
  13  0:13  Probe (Chrono Boost)  
  14  0:23  Probe (Chrono Boost)  
  14  0:24  Pylon  
  16  0:42  Probe (Chrono Boost)  
  16  0:50  Gateway  
  16  0:52  Gateway  
  16  0:56  Probe (Chrono Boost)  
  17  1:08  Probe (Chrono Boost)  
  18  1:11  Pylon  
  18  1:18  Assimilator  
  18  1:19  Probe (Chrono Boost)  
  19  1:29  Probe (Chrono Boost)  
  21  1:40  Probe (Chrono Boost)  
  21  1:41  Cybernetics Core  
  21  1:45  Zealot x2  
  26  1:54  Probe (Chrono Boost)  
  26  1:57  Assimilator  
  26  2:05  Probe (Chrono Boost)  
  27  2:18  Warp Gate  
  27  2:20  Zealot x2  
  31  2:23  Pylon  
  31  2:33  Pylon  
  31  2:41  Pylon, Probe (Chrono Boost)  
  32  2:51  Stalker  
  34  2:55  Stalker  
  36  3:08  Mothership Core (Chrono Boost)  
  37  3:21  Stalker  
  37  3:25  Stalker  
  41  3:42  Probe (Chrono Boost)  
  41  3:47  Gateway  
  42  3:50  Gateway  
  36  4:22  Probe (Chrono Boost)  
  30  4:31  Pylon  
  30  4:33  Probe (Chrono Boost)  
  29  4:43  Probe (Chrono Boost)  
  28  4:54  Probe (Chrono Boost)  
  29  5:05  Stalker x2, Probe (Chrono Boost)  
  32  5:15  Probe (Chrono Boost)  
  33  5:26  Probe (Chrono Boost)  
  34  5:40  Zealot x3  
  34  5:41  Zealot  
  30  6:13  Stalker  
Show
View Real Time Build Order
Export as new Build Order

dallaskuken Protoss - Winner!

Build Orders:  

Get SALT Encoding   

  12  0:01  Probe (Chrono Boost)  
  13  0:11  Probe (Chrono Boost)  
  14  0:18  Pylon  
  14  0:23  Probe (Chrono Boost)  
  15  0:36  Probe (Chrono Boost)  
  15  0:39  Gateway  
  16  0:47  Probe (Chrono Boost)  
  16  0:48  Assimilator  
  17  0:57  Probe (Chrono Boost)  
  18  1:06  Gateway  
  18  1:08  Probe (Chrono Boost)  
  19  1:17  Pylon  
  19  1:20  Probe (Chrono Boost)  
  19  1:23  Assimilator  
  20  1:33  Cybernetics Core  
  20  1:37  Probe (Chrono Boost)  
  21  1:48  Probe (Chrono Boost)  
  22  1:58  Probe (Chrono Boost)  
  23  2:09  Stalker x2  
  23  2:11  Warp Gate  
  27  2:23  Robotics Facility, Probe (Chrono Boost)  
  28  2:33  Probe (Chrono Boost)  
  29  2:41  Pylon  
  29  2:42  Zealot  
  31  3:02  Pylon  
  31  3:03  Mothership Core (Chrono Boost)  
  35  3:09  Stalker  
  37  3:16  Immortal  
  39  3:35  Gateway  
  39  3:36  Gateway  
  39  3:39  Pylon  
  39  4:00  Immortal  
  39  4:37  Stalker x4  
  47  4:39  Immortal  
  49  5:07  Stalker x3  
  55  5:21  Pylon  
  55  5:23  Pylon  
  55  5:24  Pylon  
  59  5:56  Stalker x3  
Show
View Real Time Build Order
Export as new Build Order

ḾŕƓŕéêƞ Protoss 

Build Orders: 1 Gate Expand, Oracle Opening 

Get SALT Encoding   

  12  0:01  Probe (Chrono Boost)  
  13  0:11  Probe (Chrono Boost)  
  14  0:17  Pylon  
  14  0:22  Probe (Chrono Boost)  
  15  0:36  Probe (Chrono Boost)  
  15  0:38  Gateway  
  16  0:46  Probe (Chrono Boost)  
  17  0:57  Probe (Chrono Boost)  
  18  1:08  Probe (Chrono Boost)  
  19  1:15  Nexus  
  19  1:22  Assimilator  
  19  1:29  Cybernetics Core  
  19  1:34  Assimilator  
  19  1:40  Probe (Chrono Boost)  
  20  1:50  Gateway  
  20  1:51  Probe (Chrono Boost)  
  21  2:01  Pylon  
  21  2:04  Probe (Chrono Boost)  
  22  2:21  Stargate  
  22  2:24  Probe (Chrono Boost)  
  22  2:28  Probe (Chrono Boost)  
  24  2:31  Stalker  
  26  2:38  Stalker  
  28  2:46  Probe (Chrono Boost)  
  28  2:49  Probe (Chrono Boost)  
  30  2:56  Warp Gate  
  30  2:58  Probe (Chrono Boost)  
  31  3:10  Oracle  
  31  3:18  Probe x2 (Chrono Boost)  
  36  3:24  Adept  
  36  3:25  Adept  
  40  3:30  Gateway, Probe (Chrono Boost)  
  40  3:33  Pylon  
  41  3:36  Probe (Chrono Boost)  
  42  3:47  Robotics Facility  
  42  3:51  Probe x2 (Chrono Boost)  
  44  4:04  Stalker  
  44  4:05  Stalker  
  45  4:19  Stalker  
  38  4:58  Stalker x2  
  40  5:09  Mothership Core (Chrono Boost)  
  40  5:13  Probe (Chrono Boost)  
  41  5:18  Robotics Facility  
  41  5:21  Gateway  
  41  5:25  Probe (Chrono Boost)  
  23  5:45  Probe (Chrono Boost)  
  23  5:46  Probe (Chrono Boost)  
  20  5:57  Probe (Chrono Boost)  
  20  5:58  Probe (Chrono Boost)  
Show
View Real Time Build Order
Export as new Build Order

DerdinCZ Zerg 

Build Orders: Hatch First 

Get SALT Encoding   

  12  0:01  Drone  
  13  0:12  Overlord  
  13  0:17  Drone  
  14  0:32  Drone x2  
  14  0:34  Drone  
  17  0:55  Hatchery  
  17  0:57  Drone  
  17  1:00  Drone  
  18  1:15  Spawning Pool  
  18  1:18  Drone  
  18  1:23  Drone, Extractor  
  19  1:32  Drone  
  19  1:39  Drone  
  20  1:51  Overlord  
  20  2:03  Queen  
  20  2:07  Zergling x2  
  23  2:17  Drone x2  
  23  2:20  Overlord  
  23  2:21  Queen  
  27  2:24  Metabolic Boost  
  27  2:26  Drone  
  28  2:36  Drone, Evolution Chamber  
  28  2:37  Drone  
  29  2:48  Queen  
  31  2:56  Queen  
  33  3:02  Drone x5  
  38  3:06  Overlord  
  38  3:11  Zerg Melee Weapons Level 1  
  38  3:20  Zergling x2  
  38  3:21  Zergling x2  
  38  3:22  Overlord  
  39  3:44  Roach Warren  
  39  3:46  Evolution Chamber  
  39  3:47  Drone x8  
  45  3:50  Extractor  
  45  3:53  Extractor  
  45  3:55  Zergling x2  
  44  4:06  Zergling x4  
  42  4:12  Zergling x8  
  42  4:13  Zergling x2  
  42  4:16  Zergling x4  
  48  4:20  Zergling x2  
  49  4:26  Zergling x2  
  49  4:29  Zergling x2  
  47  4:37  Zergling x2  
  42  4:43  Zergling x2  
  42  4:44  Burrow  
  39  4:47  Zergling x2  
  39  4:53  Roach  
  39  4:55  Queen  
  39  4:58  Roach  
  45  5:01  Roach  
  46  5:09  Roach  
  46  5:11  Zergling x6  
  49  5:15  Roach  
  50  5:31  Roach x3  
  52  5:38  Overlord x3  
  47  5:50  Roach  
  47  5:51  Roach  
  47  5:53  Roach  
  47  5:54  Zergling x2  
Tags
 
Add a new tag
Caveats
  • Supply blocks, unpowered buildings, or Contaminate may cause inaccurate times.
  • Supply counts are checked every 10 seconds.